 Dungeon Crawl Stone Soup version 0.30.1-11-g7821555f0a (webtiles) character file.

Game seed: 148483236881048875

58 porpoise the Shooter (level 3, -2/20 HPs)
             Began as a Deep Elf Hunter on Dec 11, 2023.
             Was an Initiate of Hepliaklqana.
             Slain by a gnoll
             ... wielding a +0 spear
              (3 damage)
             ... on level 2 of the Dungeon.
             The game lasted 00:03:09 (1084 turns).

porpoise the Shooter (Deep Elf Hunter)              Turns: 1084, Time: 00:03:10

Health: -2/20      AC:  3    Str:  8    XL:     3   Next: 76%
Magic:  5/5        EV: 13    Int: 11    God:    Hepliaklqana [......]
Gold:   141        SH:  0    Dex: 22    Spells: 2/2 levels left

rFire   . . .        a - +0 shortbow
rCold   . . .        (shield currently unavailable)
rNeg    . . .        c - +0 leather armour
rPois   .            (no helmet)
rElec   .            (no cloak)
rCorr   .            (no gloves)
SInv    .            (no boots)
Will    .....        (no amulet)
Stlth   +++          (no ring)
HPRegen 0.23/turn    (no ring)
MPRegen 0.09/turn

%: no passive effects
@: no status effects
A: thin skeletal structure 1, dopey 1
a: Renounce Religion


You were on level 2 of the Dungeon.
You worshipped Hepliaklqana.
Hepliaklqana was noncommittal.
You visited 1 branch of the dungeon, and saw 2 of its levels.

You collected 141 gold pieces.

Inventory:

Hand Weapons
 a - a +0 shortbow (weapon)
Missiles
 e - 4 atropa-tipped darts
Armour
 c - a +0 leather armour (worn)
Scrolls
 b - 2 scrolls of immolation
 g - a scroll of summoning {unknown}
 h - 2 scrolls of amnesia {unknown}
 j - a scroll of identify {unknown}
Potions
 f - a potion of attraction {unknown}
 i - a potion of curing {unknown}
 k - a potion of magic {unknown}


   Skills:
 - Level 1.5 Fighting
 * Level 6.3 Ranged Weapons
 + Level 3.2 Dodging
 + Level 2.5 Stealth


You had 2 spell levels left.
You didn't know any spells.
Your spell library contained the following spells:

 Spells                   Type           Power      Damage    Failure   Level
 Sandblast                Erth           0%         2d4       45%         1
 Sting                    Tmut/Pois      0%         1d3       45%         1
 Passwall                 Tmut/Erth      0%         N/A       61%         2
 Poisonous Vapours        Pois/Air       0%         N/A       61%         2
 Stone Arrow              Conj/Erth      0%         3d7       83%         3
 Olgreb's Toxic Radiance  Pois           0%         N/A       99%         4


Dungeon Overview and Level Annotations

Branches:
Dungeon (2/15)

Altars:
Hepliaklqana

Shops:
D:1 ?


Innate Abilities, Weirdness & Mutations

You have a somewhat thin skeletal structure. (Dex +2, Stealth+)
You are dopey. (Int -2)


Message History

The arrow hits the gnoll!
You kill the gnoll!
The gnoll barely misses you.
You shoot an arrow. The arrow hits the gnoll.
The gnoll is moderately wounded.
The gnoll hits you with a +0 whip.
You shoot an arrow. The arrow closely misses the gnoll.
The arrow barely misses the gnoll.
The arrow hits the gnoll but does no damage.
The gnoll closely misses you.
You shoot an arrow. The arrow hits the gnoll.
The gnoll is heavily wounded.
The gnoll barely misses you. x2; The gnoll misses you.
The gnoll hits you with a +0 whip.
You shoot an arrow. The arrow hits the gnoll.
The gnoll is almost dead.
The gnoll barely misses you. The gnoll misses you.
You shoot an arrow. The arrow hits the gnoll.
You kill the gnoll!
The gnoll hits you from afar with a +0 spear.
Fire: a) +0 shortbow
Press: ? - help, Q - select action, (/) - cycle Shift-Dir - straight line, f - gnoll
Aim: a gnoll, wielding a +0 spear (moderately wounded, 69% to hit)
You shoot an arrow. The arrow hits the gnoll.
The gnoll is heavily wounded.
The gnoll hits you from afar with a +0 spear!
* * * LOW HITPOINT WARNING * * *
Fire: a) +0 shortbow
Press: ? - help, Q - select action, (/) - cycle Shift-Dir - straight line, f/p - gnoll
Aim: a gnoll, wielding a +0 spear (heavily wounded, 69% to hit)
You shoot an arrow. The arrow barely misses the gnoll.
The arrow hits the gnoll.
The gnoll is lightly wounded.
The gnoll hits you from afar with a +0 spear.
* * * LOW HITPOINT WARNING * * *
The gnoll barely misses you.
It was a potion of mutation.
You feel extremely strange.
You feel stupid.
Your bones become slightly less dense.
The gnoll hits you from afar with a +0 spear.
You die...

#...##.g_..........†......#
##. #..)...#...............
# #......#.#..#.####.....
#...##.#.#..#)# #.....
##>.........#.# #..#..
#####g#.#..... ......
#g#.#.##.# ...###
#)#..#.... ..## #@#†. ...#.
#........ ###.....# .....#
#...# ##.# #


You could see 2 gnolls.

Vanquished Creatures
  2 gnolls (D:2)
  An adder (D:2)
  A dart slug (D:1)
  2 endoplasms
  A giant cockroach (D:1)
  4 goblins (D:1)
  A hobgoblin (D:1)
  A quokka (D:1)
  3 ball pythons (D:1)
  4 bats (D:1)
  2 frilled lizards (D:1)
  2 kobolds
  6 rats
30 creatures vanquished.

Notes
Turn   | Place    | Note
-------+----------+-------------------------------------------
     0 | D:1      | porpoise the Deep Elf Hunter began the quest for the Orb.
     0 | D:1      | Reached XP level 1. HP: 12/12 MP: 3/3
   117 | D:1      | Reached XP level 2. HP: 12/16 MP: 4/4
   165 | D:1      | Found Bideduozi's Magic Scroll Shoppe.
   865 | D:1      | Reached skill level 6 in Ranged Weapons
  1003 | D:2      | Reached XP level 3. HP: 16/20 MP: 5/5
  1049 | D:2      | Found a hazy altar of Hepliaklqana.
  1060 | D:2      | Became a worshipper of Hepliaklqana the Forgotten
  1083 | D:2      | HP: 1/20 [gnoll/+0 spear (5)]
  1084 | D:2      | Gained mutation: You are dopey. (Int -2) [potion of
                  | mutation]
  1084 | D:2      | Gained mutation: You have a somewhat thin skeletal
                  | structure. (Dex +2, Stealth+) [potion of mutation]
  1084 | D:2      | Slain by a gnoll

Illustrated notes

Levels and vault maps discovered:
D:1:      evilmike_arrival_rings, layout_loops_ring, serial_shops,
          nicolae_shop_just_a_little_nook, minmay_misc_feat_five,
          kennysheep_doodads, minmay_gold_behind_fungi, serial_bayou_ford_a,
          minmay_misc_feat_more_columns
D:2:      layout_loops_ring, basic_altar, uniq_crazy_yiuf_cottage, uniq_robin

Skill      XL: |  1  2 |
---------------+-------+-----
Stealth        | 2 |  2.5
Ranged Weapons | 6 |  6.3
Dodging        | 3 |  3.2
Fighting       | |  1.5

Action                     || total
---------------------------++-------
   Fire: Shortbow          ||    78
    Use: Potion            ||     1
 Armour: Leather armour    ||    19
  Dodge: Dodged            ||    31
